 Dungeon Crawl Stone Soup version 0.26-a0-958-gf3041fb45f (webtiles) character file.

Game seed: 13915639600677841547

63 PentaManta the Slasher (level 4, 0/30 HPs)
             Began as a Halfling Monk on Nov 30, 2020.
             Slain by a centaur (7 damage)
             ... on level 2 of the Dungeon.
             The game lasted 00:02:13 (1336 turns).

PentaManta the Slasher (Halfling Monk)              Turns: 1336, Time: 00:02:14

Health: 0/30       AC:  7    Str: 13    XL:     4   Next: 31%
Magic:  4/4        EV: 13    Int:  8    God:
Gold:   96         SH:  0    Dex: 16    Spells: 3/3 levels left

rFire    . . .     SeeInvis .   a - +0 falchion
rCold    . . .     Faith    .   (shield restricted)
rNeg     . . .     Spirit   .   e - +0 scale mail
rPois    .         Reflect  .   l - +0 helmet
rElec    .         Harm     .   (no cloak)
rCorr    +         Rampage  .   (no gloves)
MR       .....                  (no boots)
Stlth    +.........             (no amulet)
HPRegen  0.10/turn              g - ring of resist corrosion
MPRegen  0.09/turn              (no ring)

@: no status effects
A: small, mutation resistance 1
a: no special abilities


You were on level 2 of the Dungeon.
You visited 1 branch of the dungeon, and saw 2 of its levels.

You collected 96 gold pieces.

Inventory:

Hand Weapons
 a - a +0 falchion (weapon)
 c - a +0 short sword
Armour
 e - a +0 scale mail (worn)
 l - a +0 helmet (worn)
Jewellery
 g - a ring of resist corrosion (left hand)
Scrolls
 d - a scroll of teleportation {unknown}
 f - 3 scrolls of identify {unknown}
 h - a scroll of fear {unknown}
 j - 2 scrolls of remove curse {unknown}
Potions
 i - a potion of might {unknown}
 k - a potion of flight {unknown}


   Skills:
 - Level 2.6 Fighting
 * Level 4.1 Long Blades
 - Level 1.6 Armour
 - Level 3.7 Dodging
 - Level 2.1 Stealth


You had 3 spell levels left.
You didn't know any spells.
Your spell library contained the following spells:

 Spells                   Type           Power        Failure   Level
 Beastly Appendage        Tmut           #.....       90%         1
 Wereblood                Tmut           #.......     97%         2
 Spider Form              Tmut/Pois      #.........   99%         3
 Ice Form                 Ice/Tmut       #.......     100%        4
 Blade Hands              Tmut           #.........   100%        5


Dungeon Overview and Level Annotations

Branches:
Dungeon (2/15)

Altars:


Innate Abilities, Weirdness & Mutations

You are small and have problems with some larger weapons.
You are somewhat resistant to further mutation.


Message History

The giant cockroach closely misses you. The centaur barely misses you.
You slash the centaur!
The centaur is severely wounded.
The giant cockroach bites you but does no damage.
The centaur hits you but does no damage.
The giant cockroach bites you but does no damage.
You hit the centaur.
The centaur is severely wounded.
The centaur closely misses you. x2; You riposte.
You hit the centaur but do no damage.
The centaur is severely wounded.
The giant cockroach completely misses you.
You hit the centaur.
The centaur is almost dead.
The centaur hits you.
* * * LOW HITPOINT WARNING * * *
The giant cockroach bites you.
* * * LOW HITPOINT WARNING * * *
The centaur hits you!
You die...

#########
#.......#
#.......##########
#.....>.##$...<...
#.......##†c......
#.....†.##@B......
#....)..##(.......
#.......#...#.####
#.......#.##..#
#.........##.##
####.....###.#
#.##..# #.#
#.....###.#
#....#......#


You could see a centaur and a giant cockroach.

Vanquished Creatures
  An adder (D:2)
  An ooze (D:1)
  5 dart slugs
  A ball python (D:1)
  9 bats
  2 giant cockroaches
  2 hobgoblins (D:1)
  4 jackals (D:2)
  A quokka (D:2)
  2 frilled lizards (D:1)
  8 kobolds
  2 rats (D:1)
38 creatures vanquished.

Notes
Turn   | Place    | Note
-------+----------+-------------------------------------------
     0 | D:1      | PentaManta the Halfling Monk began the quest for the Orb.
     0 | D:1      | Reached XP level 1. HP: 15/15 MP: 1/1
    51 | D:1      | Reached XP level 2. HP: 20/20 MP: 2/2
   234 | D:1      | Reached skill level 1 in Armour
   414 | D:1      | Reached XP level 3. HP: 25/25 MP: 3/3
  1251 | D:2      | Reached XP level 4. HP: 30/30 MP: 4/4
  1264 | D:2      | Reached skill level 4 in Long Blades
  1320 | D:2      | Noticed a centaur
  1336 | D:2      | Slain by a centaur

Illustrated notes

Levels and vault maps discovered:
D:1:      matt_arrival_grand_opening, layout_basic
D:2:      layout_rooms, nicolae_tso_swordbearing_angel,
          kennysheep_generic_room_11

Skill      XL: |  1  2  3  4 |
---------------+-------------+-----
Armour         | 1 |  1.6
Long Blades    | 4 |  4.1
Fighting       | |  2.6
Dodging        | |  3.7
Stealth        | |  2.1

Action                   |  1- 3 |  4- 6 || total
-------------------------+-------+-------++-------
Melee: Falchion          |     6 |     5 ||    11
       Short sword       |   152 |    28 ||   180
 Stab: Sleeping          |     3 |       ||     3
Armor: Robe              |    11 |       ||    11
       Scale mail        |    52 |    30 ||    82
Dodge: Dodged            |   163 |    42 ||   205
       Rpst.: Falchion   |     1 |     2 ||     3

Table legend: (Time is in decaauts)
 A = Elapsed time spent in this place.
 B = Non-inter-level travel time spent in this place.
 C = Inter-level travel time spent in this place.
 D = Time resting spent in this place.
 E = Time spent auto-exploring this place.
 F = Levels seen in this place.
 G = Mean time per level.
                   A        B        C        D        E       F      G
               +--------+--------+--------+--------+--------+-----+--------+
         Total |   1329 |   1310 |     19 |      0 |    960 |   2 |  664.5 |
       Dungeon |   1329 |   1310 |     19 |      0 |    960 |   2 |  664.5 |
               +--------+--------+--------+--------+--------+-----+--------+

Top non-repeatable levels by time:
     D:1: 988 daAuts
     D:2: 341 daAuts
